 Dungeon Crawl Stone Soup version 0.29.1-15-g9cfb28693d (webtiles) character file.

Game seed: 18002564888155123160

25002 drjones the Fencer (level 12, 0/107 HPs)
             Began as a Minotaur Gladiator on Apr 9, 2023.
             Was a Priest of Makhleb.
             Slain by a death yak (19 damage)
             ... on level 10 of the Dungeon.
             The game lasted 01:14:17 (17738 turns).

drjones the Fencer (Minotaur Gladiator)            Turns: 17738, Time: 01:14:17

Health: 0/107      AC: 19    Str: 20    XL:     12   Next: 85%
Magic:  12/12      EV: 15    Int:  5    God:    Makhleb [***...]
Gold:   936        SH:  0    Dex: 19    Spells: 11/11 levels left

rFire   . . .      SeeInvis .   b - +1 scimitar (venom)
rCold   . . .      Faith    .   (no shield)
rNeg    . . .      Spirit   .   u - +5 scale mail "Cikkaros" {Dex+3}
rPois   .          Reflect  .   n - +2 hat
rElec   .          Harm     .   D - +0 cloak
rCorr   .          Rampage  .   V - +0 pair of gloves
Will    +....                   (no boots)
Stlth   +++.......              (no amulet)
HPRegen 0.27/turn               i - ring of willpower
MPRegen 0.13/turn               d - +4 ring of protection

@: no status effects
A: horns 2, retaliatory headbutt
a: Renounce Religion, Minor Destruction, Lesser Servant of Makhleb


You were on level 10 of the Dungeon.
You worshipped Makhleb.
Makhleb was most pleased with you.
You visited 3 branches of the dungeon, and saw 15 of its levels.
You also visited: Bailey.

You collected 1447 gold pieces.
You spent 511 gold pieces at shops.

Inventory:

Hand Weapons
 a - a +3 great sword
 b - a +1 scimitar of venom (weapon)
 f - a +0 longbow
 h - a +4 dagger of venom
 A - a +7 spear
 S - a +4 short sword of electrocution
Missiles
 y - 4 poisoned darts
 E - a javelin
 N - 3 silver javelins
 Q - 6 curare-tipped darts (quivered)
 T - 2 atropa-tipped darts
Armour
 m - the +0 robe of the Lich-sworn {rN+ Will+ Str-3}
   (You found it on level 2 of the Dungeon)

   Str:       It affects your strength (-3).
   rN:        It protects you from negative energy.
   Will:      It increases your willpower.
 n - a +2 hat (worn)
 o - the +7 chain mail of the Lute {-Cast rElec rF- Str+10}
   (You found it on level 2 of the Dungeon)

   Str:       It affects your strength (+10).
   rF:        It makes you vulnerable to fire.
   rElec:     It insulates you from electricity.
   -Cast:     It prevents spellcasting.
 u - the +5 scale mail "Cikkaros" (worn) {Dex+3}
   (You took it off an orc on level 3 of the Dungeon)

   Dex:       It affects your dexterity (+3).
 D - a +0 cloak (worn)
 V - a +0 pair of gloves (worn)
Jewellery
 d - a +4 ring of protection (right hand)
 i - a ring of willpower (left hand)
 l - a ring of fire
 w - a ring of willpower
 z - a ring of magical power
 J - a +6 ring of strength
 X - a ring of protection from cold
Wands
 e - a wand of flame (22)
 P - a wand of digging (4)
 W - a wand of paralysis (3)
Scrolls
 c - 3 scrolls of enchant weapon
 g - a scroll of butterflies
 p - 4 scrolls of teleportation
 r - a scroll of magic mapping {unknown}
 s - a scroll of amnesia {unknown}
 t - 4 scrolls of fear
 x - 4 scrolls of immolation
 B - a scroll of brand weapon {unknown}
 F - a scroll of summoning {unknown}
 H - a scroll of acquirement {unknown}
 I - a scroll of poison {unknown}
 L - a scroll of vulnerability {unknown}
 R - a scroll of enchant armour {unknown}
 U - a scroll of blinking
Potions
 j - 3 potions of might {unknown}
 k - 6 potions of attraction
 q - 3 potions of flight
 v - 2 potions of invisibility
 C - 2 potions of brilliance
 G - 3 potions of cancellation
 K - a potion of curing {unknown}
 M - 4 potions of mutation {unknown}
 O - a potion of ambrosia {unknown}


   Skills:
 + Level 10.3 Fighting
 + Level 16.9 Long Blades
 + Level 8.7 Throwing
 + Level 9.8 Dodging
 + Level 7.7 Stealth
 + Level 1.3 Invocations


You had 11 spell levels left.
You didn't know any spells.
Your spell library contained the following spells:

 Spells                   Type           Power      Damage    Failure   Level
 Beastly Appendage        Tmut           0%         N/A       85%         1
 Foxfire                  Conj/Fire      0%         2x1d4     85%         1
 Sting                    Tmut/Pois      0%         1d3       85%         1
 Poisonous Vapours        Pois/Air       0%         N/A       94%         2
 Sublimation of Blood     Necr           0%         N/A       94%         2
 Wereblood                Tmut           0%         N/A       94%         2
 Conjure Flame            Conj/Fire      0%         6-21      99%         3
 Inner Flame              Hex/Fire       0%         N/A       99%         3
 Spider Form              Tmut/Pois      0%         N/A       99%         3
 Flame Wave               Conj/Fire      0%         2d4       100%        4
 Olgreb's Toxic Radiance  Pois           0%         N/A       100%        4
 Petrify                  Tmut/Erth      0%         N/A       100%        4
 Summon Ice Beast         Ice/Summ       0%         N/A       100%        4
 Irradiate                Conj/Tmut      0%         3d11      100%        5
 Summon Mana Viper        Hex/Summ       0%         N/A       100%        5
 Monstrous Menagerie      Summ           0%         N/A       100%        7


Dungeon Overview and Level Annotations

Branches:
Dungeon (12/15)            Temple (1/1) D:7             Orc (2/2) D:10
    Elf (0/3) Orc:2        Bailey (visited)
   Lair: D:8-11

Altars:
Ashenzari
Cheibriados
Dithmenos
Elyvilon
Fedhas
Gozag
Hepliaklqana
Kikubaaqudgha
Makhleb
Nemelex Xobeh
Okawaru
Qazlal
Ru
Sif Muna
Trog
Uskayaw
Vehumet
Wu Jian
Xom
Yredelemnul
Zin
The Shining One

Shops:
D:3 !   D:8 *   D:11 (   Orc:1 (   Orc:2 [?==[

Annotations:
D:7 Menkaure
Orc:1 Sonja


Innate Abilities, Weirdness & Mutations

You have a pair of horns on your head.
You reflexively headbutt those who attack you in melee.


Message History

The death yak attacks as you move away! The death yak gores you!!
* * * LOW HITPOINT WARNING * * *
The yak barely misses you. You furiously retaliate!
You headbutt the yak!
Things that are here:
a +0 giant club; a +0 giant spiked club You see here a +0 giant spiked club.
The death yak attacks as you move away! The death yak barely misses you.
You furiously retaliate!
You headbutt the death yak. You completely miss the death yak.
The death yak is lightly wounded.
You hit the death yak.
The death yak is poisoned.
Your headbutt misses the death yak.
The death yak is lightly wounded.
The death yak misses you.
You slice the death yak!!
The death yak looks as sick as possible!
Your headbutt misses the death yak.
The death yak is moderately wounded.
The death yak gores you but does no damage.
The death yak attacks as you move away!
The death yak gores you but does no damage.
The death yak snorts and paws the ground.
The death yak attacks as you move away! The death yak gores you.
* * * LOW HITPOINT WARNING * * *
The death yak attacks as you move away! The death yak gores you!
* * * LOW HITPOINT WARNING * * *
The death yak snorts and paws the ground.
The death yak attacks as you move away! The death yak closely misses you.
You furiously retaliate!
You headbutt the death yak, but do no damage.
The death yak attacks as you move away! The death yak misses you.
You furiously retaliate!
You headbutt the death yak, but do no damage.
The death yak attacks as you move away!
The death yak gores you but does no damage.
Okay, then.
As you read the scroll of fear, it crumbles to dust.
You assume a fearsome visage.
The death yak easily resists.
The yak looks frightened!
The death yak gores you!!
You die...

#..........# ###†###
#..###.....# #.#
##..# #...>.# #.#
.#..# ####### #.#
.#).# ##### #.# .#.<#
##.[.## #.#
...)###.###.# #.#
..#.).....#.#######.#
....###.#.....YY@<..#
##### ##...##########
##### ##..# ....#
#..# ###.# ##.###
###.# #...### .##.#
###...# .##.# ###>#
.##.# ###


You could see a death yak (very poisoned) and a yak (fleeing).

Vanquished Creatures
  Josephine (D:11)
  3 boulder beetles (D:11)
  2 two-headed ogres
  A centaur warrior (Orc:2)
  A death yak (D:9)
  Nergalle (D:12)
  Lodul (D:9)
  4 orc knights (Orc:2)
  3 cyclopes (D:11)
  2 gargoyles
  Psyche (D:11)
  A kobold demonologist (D:11)
  5 trolls
  3 polar bears (D:12)
  3 hornets
  Sigmund (D:5)
  3 centaur simulacra (D:12)
  A shadow (D:12)
  2 water elementals
  10 yaks
  Eustachio (D:4)
  3 wyverns
  A steam dragon (D:9)
  4 wraiths
  3 vampire mosquitoes (D:10)
  A warg (Orc:2)
  Duvessa (D:7)
  23 orc warriors
  An ice beast (D:8)
  A black bear (D:5)
  14 ogres
  2 wolves (D:12)
  12 centaurs
  A phantom (D:7)
  2 kobold brigands
  5 bullfrogs
  A gnoll sergeant (D:6)
  5 necrophages
  2 two-headed ogre simulacra (D:12)
  7 scorpions
  22 wights
  Dowan (D:7)
  4 killer bees (D:8)
  A howler monkey (D:5)
  A jelly (D:5)
  2 gnoll boudas
  6 orc priests
  3 hounds
  An iron imp (D:3)
  10 orc wizards
  5 iguanas
  A troll simulacrum (D:12)
  2 spriggan simulacra (D:12)
  A polar bear simulacrum (D:12)
  10 gnolls
  4 adders
  2 naga simulacra (D:12)
  A shadow imp (D:7)
  5 white imps
  3 ufetubi
  2 dart slugs
  43 orcs
  4 ball pythons
  2 bats (D:1)
  2 endoplasms
  A giant cockroach (D:3)
  6 goblins
  6 hobgoblins
  4 jackals (D:1)
  3 frilled lizards
  7 kobolds
  10 rats
314 creatures vanquished.

Notes
Turn   | Place    | Note
-------+----------+-------------------------------------------
     0 | D:1      | drjones the Minotaur Gladiator began the quest for the Orb.
     0 | D:1      | Reached XP level 1. HP: 18/18 MP: 0/0
    71 | D:1      | Reached skill level 4 in Long Blades
   227 | D:1      | Reached XP level 2. HP: 25/25 MP: 1/1
   319 | D:1      | Found a faded altar of an unknown god.
   762 | D:1      | Reached skill level 5 in Long Blades
  1059 | D:2      | Reached XP level 3. HP: 30/30 MP: 2/2
  1067 | D:2      | Identified the +0 robe of the Lich-sworn {rN+ Will+ Str-3}
  1157 | D:2      | Identified the +7 chain mail of the Lute {-Cast rElec rF-
                  | Str+10}
  1248 | D:2      | You fall into a shaft and drop 1 floor!
  1266 | D:3      | Found a snail-covered altar of Cheibriados.
  1273 | D:3      | Reached skill level 6 in Long Blades
  1273 | D:3      | Reached XP level 4. HP: 28/37 MP: 3/3
  1485 | D:3      | Identified the +5 scale mail "Cikkaros" {Dex+3}
  1625 | D:3      | Found Jenkuvia's Distillery.
  1726 | D:3      | Found a shimmering blue altar of Sif Muna.
  1728 | D:3      | Found a shadowy altar of Dithmenos.
  1830 | D:3      | Noticed a scorpion
  1839 | D:3      | Killed a scorpion
  1840 | D:3      | Reached skill level 7 in Long Blades
  1840 | D:3      | Reached XP level 5. HP: 42/42 MP: 4/4
  2033 | D:4      | Reached skill level 8 in Long Blades
  2191 | D:4      | Noticed Eustachio
  2231 | D:4      | Killed Eustachio
  2232 | D:4      | Reached skill level 9 in Long Blades
  2232 | D:4      | Reached XP level 6. HP: 18/50 MP: 5/5
  2772 | D:5      | Entered Level 5 of the Dungeon
  2784 | D:5      | Reached XP level 7. HP: 56/56 MP: 6/6
  2862 | D:5      | Reached skill level 10 in Long Blades
  3077 | D:5      | Reached skill level 11 in Long Blades
  3077 | D:5      | Noticed Sigmund
  3106 | D:5      | Killed Sigmund
  3107 | D:5      | Reached XP level 8. HP: 43/62 MP: 7/7
  3793 | D:6      | Reached skill level 12 in Long Blades
  3998 | D:6      | Reached skill level 13 in Long Blades
  4631 | D:6      | Found an ornate altar of the Wu Jian Council.
  4645 | D:6      | Reached skill level 14 in Long Blades
  4739 | D:7      | Reached XP level 9. HP: 68/68 MP: 8/8
  4781 | D:7      | Paralysed by a hornet for 2 turns
  4785 | D:7      | Reached skill level 1 in Stealth
  5066 | D:7      | Found a staircase to the Ecumenical Temple.
  5075 | Temple   | Entered the Ecumenical Temple
  5167 | Temple   | Became a worshipper of Makhleb the Destroyer
  5194 | D:7      | Noticed Menkaure
  5195 | D:7      | Noticed Dowan
  5344 | D:7      | Found a flagged portal.
  5350 | Bailey   | Entered a bailey
  5453 | D:7      | Found a hide-covered altar of Uskayaw.
  5906 | D:7      | Noticed Duvessa
  5914 | D:7      | Killed Duvessa
  5931 | D:7      | Killed Dowan
  6272 | D:8      | Reached skill level 5 in Dodging
  6309 | D:8      | Found Umawkuow's General Store.
  6320 | D:8      | Bought a scroll of identify for 24 gold pieces
  6320 | D:8      | Bought a scroll of identify for 24 gold pieces
  6335 | D:8      | Reached skill level 5 in Fighting
  6344 | D:8      | Reached * piety under Makhleb
  6982 | D:9      | Reached XP level 10. HP: 77/81 MP: 9/9
  7381 | D:9      | Noticed a death yak
  7511 | D:9      | Reached skill level 5 in Throwing
  7591 | D:9      | Identified the +7 flail of Debt {vorpal, *Rage +Blink rN+
                  | Dex+3}
  7625 | D:9      | Noticed a death yak
  7753 | D:9      | Reached skill level 15 in Long Blades
  7875 | D:10     | Entered Level 10 of the Dungeon
  8099 | D:10     | Found an iron altar of Okawaru.
  8115 | D:10     | Noticed a gargoyle
  8191 | D:10     | Killed a gargoyle
  8359 | D:10     | Noticed Lodul
  8377 | D:10     | HP: 4/84 [Lodul/bolt of lightning (23)]
  8378 | D:10     | HP: 1/84 [Lodul/bolt of lightning (25)]
  8978 | D:9      | Killed Lodul
  9042 | D:10     | Reached skill level 5 in Stealth
  9042 | D:10     | Reached XP level 11. HP: 91/92 MP: 10/10
  9066 | D:10     | Found a staircase to the Orcish Mines.
  9122 | D:10     | Found a broken altar of Ashenzari.
  9439 | D:10     | Reached ** piety under Makhleb
  9637 | D:10     | Found a blossoming altar of Fedhas.
 10028 | Orc:1    | Entered Level 1 of the Orcish Mines
 10104 | Orc:1    | Found Podwited's Weapon Boutique.
 10227 | Orc:2    | Entered Level 2 of the Orcish Mines
 10518 | Orc:1    | Noticed Sonja
 11020 | Orc:2    | Found a staircase to the Elven Halls.
 11098 | Orc:2    | Noticed an orc knight
 11296 | Orc:2    | Found Hip Tid's Armour Boutique.
 11426 | Orc:2    | Noticed an orc knight
 11452 | Orc:2    | Killed an orc knight
 12320 | Orc:2    | Killed an orc knight
 12520 | Orc:2    | Noticed a centaur warrior
 12543 | Orc:2    | Killed a centaur warrior
 12843 | Orc:2    | Found Qifepnei's Jewellery Emporium.
 12843 | Orc:2    | Found Ivimn's Magic Scroll Boutique.
 12845 | Orc:2    | Found Ciariup's Antique Armour Shop.
 12847 | Orc:2    | Found Gaps's Jewellery Shoppe.
 12852 | Orc:2    | Bought a scroll of identify for 28 gold pieces
 12867 | Orc:2    | Bought a cloak for 135 gold pieces
 12936 | Orc:2    | Reached *** piety under Makhleb
 12937 | Orc:2    | Reached skill level 16 in Long Blades
 13130 | Orc:2    | Noticed an orc knight
 13140 | Orc:2    | Killed an orc knight
 13170 | Orc:2    | Noticed an orc knight
 13400 | Orc:2    | Killed an orc knight
 14090 | Orc:1    | Noticed an orc warlord
 14090 | Orc:1    | Noticed an orc sorcerer
 14221 | D:11     | Noticed Psyche
 14233 | D:11     | Killed Psyche
 14234 | D:11     | Reached XP level 12. HP: 103/103 MP: 11/11
 14439 | D:11     | Noticed a boulder beetle
 14470 | D:11     | Killed a boulder beetle
 14537 | D:11     | Noticed a boulder beetle
 14553 | D:11     | Killed a boulder beetle
 14657 | D:11     | Found a faded altar of an unknown god.
 14700 | D:11     | Found Bul Santuorr's Weapon Shoppe.
 14735 | D:11     | Noticed a two-headed ogre
 14741 | D:11     | Killed a two-headed ogre
 14809 | D:11     | Noticed a boulder beetle
 14823 | D:11     | Killed a boulder beetle
 14970 | D:11     | Noticed Josephine
 14981 | D:11     | Killed Josephine
 15592 | D:12     | Noticed a two-headed ogre
 15603 | D:12     | Killed a two-headed ogre
 15675 | D:12     | Noticed Nergalle
 15734 | D:12     | Killed Nergalle
 15735 | D:12     | Reached skill level 10 in Fighting
 15956 | D:12     | Found a frozen archway.
 16140 | Orc:2    | Bought a ring of protection from cold for 300 gold pieces
 16333 | D:12     | Found an ornate altar of the Wu Jian Council.
 17100 | D:12     | Reached skill level 1 in Invocations
 17717 | D:9      | Noticed a death yak
 17718 | D:9      | Killed a death yak
 17738 | D:10     | Slain by a death yak

Illustrated notes

Levels and vault maps discovered:
D:1:      tarquinn_simple_flora_water_f, layout_basic,
          ebering_ecumenical_altar_abandoned
D:2:      layout_loops_ring
D:3:      layout_rooms, mainiacjoe_overflow_catwalk_spiral, slow_altar_2,
          serial_shops, nicolae_shop_competitors_out_of_business,
          kennysheep_generic_room_13
D:4:      layout_layer_cave, uniq_eustachio
D:5:      layout_basic, uniq_sigmund
D:6:      nicolae_cairo_tiling_large_dashed, layout_rooms, lemuel_doored_altar,
          st_stairs_14, hangedman_abyss_or_decor_stabs, grunt_tough_drop
D:7:      layout_loops_ring, eat_drink_and_be_merry_uskayaw,
          minmay_temple_entry_wispy, enter_bailey_2, kennysheep_generic_room_16,
          uniq_duvessa, uniq_menkaure
D:8:      layout_basic, serial_shops, nicolae_shop_stone
D:9:      layout_gridville, dpeg_lair_monsters
D:10:     layout_loops_cross, nicolae_overflow_hidden_temple,
          mainiacjoe_overflow_alcove_2, okawaru_trees_2, orc_0_dummy,
          billiards_dpeg, uniq_lodul
D:11:     layout_stronghold, serial_column_ruins, column_ruins_temple_circle,
          column_ruins_circle_small, column_ruins_columns_corner,
          column_ruins_grid_3, column_ruins_open_medium,
          column_ruins_open_small, column_ruins_open_small, serial_shops,
          nicolae_shop_advertising_works [nicolae_subvault_shop_adworks],
          uniq_psyche, uniq_josephine
D:12:     layout_loops_corners, serial_ice, serial_ice_e, serial_ice_h,
          serial_ice_c, serial_ice_i, serial_ice_f,
          portal_ice_cave_entry_ice_simulacra, serial_park_tiny_1,
          nicolae_wu_jian_immortal_techniques, uniq_nergalle
Temple:   zaba_magenta_temple
Orc:1:    layout_caves, serial_shops, nicolae_shop_trees,
          nicolae_shop_hallway_plus, shop, uniq_sonja
Orc:2:    st_orc_rangers, layout_diamond_mine, serial_shops,
          nicolae_lakefront_shop

Skill      XL: |  1  2  3  4  5  6  7  8  9 10 11 12 |
---------------+-------------------------------------+-----
Long Blades    | 4 5 6 7 9 11 14 15 16 | 16.9
Fighting       | 5 7 8 10 | 10.3
Stealth        | 3 5 6 7 |  7.7
Dodging        | 5 7 8 9 |  9.8
Throwing       | 4 6 7 8 |  8.7
Invocations    | 1 |  1.3

Action                   |  1- 3 |  4- 6 |  7- 9 | 10-12 || total
-------------------------+-------+-------+-------+-------++-------
Melee: Long sword        |    64 |    78 |   197 |       ||   339
       Headbutt          |    10 |     9 |    66 |   166 ||   251
       Punch             |       |       |     2 |     1 ||     3
       Great sword       |       |       |    87 |   454 ||   541
       Scimitar          |       |       |    13 |    76 ||    89
       Short sword       |       |       |       |    29 ||    29
Throw: Throwing net      |       |     4 |     2 |       ||     6
       Dart              |       |    16 |    29 |    16 ||    61
       Javelin           |       |     1 |     1 |     1 ||     3
  Use: Scroll            |       |     3 |     6 |     6 ||    15
       Potion            |       |       |     5 |     5 ||    10
 Stab: Held in net/web   |       |     1 |     2 |       ||     3
       Sleeping          |       |       |       |     4 ||     4
       Distracted        |       |       |       |     2 ||     2
       Invisible         |       |       |       |     2 ||     2
Armor: Leather armour    |    18 |       |       |       ||    18
       Chain mail        |     1 |    18 |       |       ||    19
       Scale mail        |       |    34 |   148 |   264 ||   446
Dodge: Dodged            |    44 |    47 |   174 |   422 ||   687
